Map: Abyssal Reef LE

Players

Manga - Winner!

  • Race: Zerg Zerg
  • League: Diamond
  • Spawn Location: 11:00

Trizztein

  • Race: Terran Terran
  • League: Diamond
  • Spawn Location: 5:00

VOD

Have the link to the VOD?

Description

Time

  • Played on: June 15, 2017, 8:14 p.m.
  • Length: 19:25
Show
View Real Time Build Order
Export as new Build Order

Manga Zerg - Winner!

Build Orders: Pool First 

Get SALT Encoding   

  12  0:01  Drone  
  13  0:12  Overlord  
  13  0:19  Drone  
  14  0:30  Drone  
  14  0:31  Drone  
  16  0:37  Drone  
  17  0:46  Spawning Pool  
  17  0:49  Drone  
  17  0:56  Extractor  
  17  0:57  Drone  
  17  1:07  Drone  
  18  1:23  Drone, Hatchery  
  18  1:33  Zergling x2  
  19  1:41  Queen  
  21  1:49  Overlord  
  21  1:57  Drone  
  22  2:03  Metabolic Boost  
  22  2:07  Drone  
  23  2:11  Drone  
  24  2:23  Queen, Drone  
  27  2:39  Zergling x2  
  28  2:54  Drone  
  28  2:55  Drone x5  
  28  2:57  Queen  
  36  3:05  Overlord  
  35  3:23  Hatchery  
  34  3:27  Drone  
  34  3:31  Drone x2  
  37  3:34  Drone  
  37  3:37  Drone  
  37  3:38  Drone  
  37  3:39  Drone x2  
  37  3:40  Drone  
  43  3:45  Evolution Chamber  
  42  3:53  Overlord  
  42  4:00  Zergling x4  
  44  4:07  Overlord  
  44  4:10  Lair  
  44  4:12  Zerg Ground Armor Level 1  
  44  4:15  Extractor  
  44  4:16  Zergling x2  
  44  4:17  Zergling x6  
  44  4:18  Zergling x2  
  48  4:39  Queen  
  48  4:42  Drone x3  
  48  4:43  Drone x4  
  57  4:52  Drone x3  
  60  4:53  Hatchery  
  60  4:54  Drone  
  58  5:13  Zergling x2  
  58  5:14  Queen, Zergling x2  
  60  5:15  Queen, Zergling x2  
  65  5:25  Overlord x2  
  65  5:29  Queen, Extractor  
  65  5:30  Baneling Nest  
  65  5:41  Evolution Chamber, Extractor  
  63  5:51  Zergling x2  
  59  6:21  Drone  
  59  6:22  Drone x16  
  75  6:32  Zergling x2  
  76  6:33  Zergling x2  
  76  6:34  Zergling x4  
  76  6:35  Overlord  
  79  6:43  Zerg Melee Weapons Level 1  
  79  6:44  Zerg Ground Armor Level 2  
  79  6:45  Overlord  
  79  6:49  Extractor  
  79  6:52  Queen, Extractor  
  79  6:58  Zergling x14  
  86  7:03  Baneling x3  
  86  7:04  Baneling x4  
  86  7:06  Centrifical Hooks  
  86  7:08  Zergling x2  
  87  7:10  Overlord  
  87  7:12  Drone  
  87  7:13  Drone x7  
  95  7:36  Drone  
  94  7:53  Overlord, Zergling x2  
  93  8:09  Zergling x2  
  93  8:10  Overlord x2, Zergling x2  
  93  8:11  Queen  
  97  8:20  Spore Crawler  
  96  8:27  Zergling x8  
  96  8:28  Zergling x6  
  96  8:29  Overlord x2  
  103  8:35  Spire  
  103  8:37  Infestation Pit  
  103  8:40  Zergling x2  
  103  8:41  Zergling x16  
  110  8:43  Zerg Melee Weapons Level 2  
  110  8:50  Baneling  
  110  8:51  Baneling x7, Hatchery  
  110  8:52  Baneling  
  110  8:53  Baneling x2  
  110  8:54  Baneling x7  
  109  8:56  Zergling x22  
  109  8:57  Zergling x2  
  121  9:21  Overlord  
  121  9:23  Hive  
  119  9:28  Zergling x2  
  97  9:43  Zergling x2  
  97  9:44  Zergling x4  
  79  9:46  Zergling x2  
  79  9:47  Zergling x42  
  79  9:52  Zergling x4  
  100  9:56  Zergling x4  
  100  9:57  Baneling  
  100  9:58  Baneling x2  
  102  10:01  Zergling x2  
  102  10:02  Overseer x2  
  102  10:03  Overseer, Zergling x2  
  102  10:04  Zergling x4  
  87  10:19  Zergling x2  
  86  10:24  Mutalisk  
  86  10:25  Mutalisk x14  
  113  10:38  Drone  
  113  10:39  Drone x8  
  120  10:43  Drone x2  
  118  11:00  Pneumatized Carapace  
  118  11:02  Extractor  
  117  11:11  Mutalisk  
  117  11:12  Mutalisk x2  
  117  11:13  Zergling x2  
  117  11:14  Baneling x12  
  117  11:15  Baneling x15  
  117  11:16  Zergling x2  
  117  11:17  Zergling x2  
  126  11:28  Zergling x2  
  126  11:29  Zergling x20  
  137  11:46  Zerg Flyer Weapons Level 1  
  137  11:49  Adrenal Glands  
  137  11:54  Zerg Melee Weapons Level 3, Ultralisk Cavern  
  136  12:02  Extractor  
  135  12:13  Hatchery  
  134  12:28  Zergling x8  
  134  12:29  Zergling x8  
  142  12:31  Baneling x4  
  119  12:45  Zergling x2  
  119  12:46  Zergling x34  
  124  12:54  Zergling x2  
  124  12:57  Zergling x2  
  124  12:58  Zergling x18  
  126  13:06  Zergling x2  
  126  13:07  Zergling x2  
  127  13:32  Overlord  
  127  13:40  Hatchery  
  124  13:41  Queen  
  124  13:43  Drone x2  
  124  13:44  Drone x5  
  124  13:46  Baneling  
  124  13:47  Baneling x16  
  133  13:48  Baneling  
  133  13:49  Baneling  
  133  14:06  Queen, Extractor  
  132  14:29  Zergling x2  
  132  14:30  Ultralisk  
  135  14:41  Drone x4  
  135  14:42  Overlord x2, Drone x2, Extractor  
  140  14:51  Queen  
  142  15:00  Ultralisk  
  142  15:01  Ultralisk x2  
  142  15:03  Chitinous Plating  
  160  15:11  Baneling  
  160  15:12  Baneling x23  
  159  15:24  Zergling x2  
  159  15:31  Zergling x2, Swarm Host  
  159  15:32  Overlord, Zergling x2  
  164  15:41  Overlord  
  164  15:42  Overlord x4  
  150  16:13  Zergling x8  
  150  16:14  Zergling x16  
  150  16:15  Zergling x26  
  150  16:18  Ultralisk  
  177  16:28  Overlord x2  
  177  16:29  Zerg Flyer Weapons Level 2  
  172  16:42  Ultralisk x2  
  172  16:47  Ultralisk  
  187  16:52  Ultralisk  
  181  17:12  Overseer  
  181  17:13  Overseer x2  
  155  17:50  Corruptor  
  155  17:51  Corruptor x13  
  174  18:32  Overlord  
  174  18:33  Overlord x3  
  172  18:39  Overlord x4  
  161  19:00  Zergling x30  
  161  19:01  Zergling x14  
Show
View Real Time Build Order
Export as new Build Order

Trizztein Terran 

Build Orders: Reaper Expand, MMM Bio 

Get SALT Encoding   

  12  0:00  SCV  
  13  0:13  SCV  
  14  0:17  Supply Depot  
  14  0:25  SCV  
  15  0:38  SCV  
  15  0:40  Barracks  
  16  0:45  Refinery  
  16  0:50  SCV  
  17  1:03  SCV  
  18  1:15  SCV  
  19  1:29  Orbital Command  
  19  1:31  Reaper  
  20  1:49  Command Center  
  20  1:57  Barracks  
  20  2:03  SCV  
  20  2:07  Barracks Reactor  
  21  2:14  Supply Depot  
  21  2:16  SCV  
  22  2:28  SCV  
  23  2:35  Factory  
  23  2:37  Refinery  
  23  2:51  Barracks Tech Lab, Marine x2  
  23  2:53  SCV  
  26  3:01  Orbital Command  
  26  3:11  SCV  
  26  3:12  Stimpack, Marine x3  
  30  3:21  Factory Reactor, Orbital Command  
  30  3:32  SCV  
  31  3:37  Marine x3  
  34  3:44  Supply Depot, SCV  
  34  3:46  Starport  
  35  3:51  SCV  
  36  3:56  SCV  
  37  4:03  SCV  
  37  4:04  Supply Depot  
  37  4:05  Marine  
  37  4:06  Marine  
  37  4:07  Marine  
  37  4:08  SCV  
  42  4:15  SCV  
  43  4:21  SCV  
  43  4:22  Widow Mine  
  46  4:25  Marine x3  
  46  4:28  SCV  
  49  4:32  Medivac x2  
  49  4:33  SCV  
  49  4:36  Supply Depot  
  54  4:40  SCV  
  54  4:43  Marine x2  
  54  4:45  SCV  
  58  4:48  Supply Depot  
  58  4:52  Factory Reactor, SCV  
  59  4:57  SCV  
  60  5:04  SCV, Engineering Bay  
  61  5:09  SCV, Engineering Bay  
  61  5:24  SCV x2, Marine x2  
  65  5:29  Medivac  
  65  5:32  Combat Shields  
  65  5:33  Marine  
  68  5:35  Refinery  
  68  5:36  Supply Depot, SCV x2  
  68  5:38  Factory Reactor  
  70  5:44  Supply Depot  
  70  5:48  SCV x2  
  72  5:56  Marine x2  
  74  6:01  Marine  
  75  6:13  Marine  
  74  6:27  SCV  
  74  6:30  SCV  
  74  6:31  Marine x3  
  79  6:36  Barracks x2, Widow Mine  
  79  6:37  Barracks, Widow Mine, Medivac x2  
  79  6:39  Command Center  
  87  6:40  Terran Infantry Weapons Level 1, Terran Infantry Armor Level 1  
  87  6:41  SCV  
  87  6:43  Supply Depot  
  87  6:44  Supply Depot, SCV  
  89  6:48  Marine x2  
  89  6:49  Marine  
  92  7:05  Widow Mine  
  92  7:06  SCV, Marine x2  
  92  7:07  Medivac  
  99  7:10  Marine  
  99  7:11  SCV  
  99  7:12  Widow Mine  
  103  7:18  Supply Depot  
  103  7:19  Supply Depot, SCV  
  104  7:24  Marine x2  
  104  7:25  Barracks  
  104  7:26  Barracks Reactor  
  104  7:27  Concussive Shells  
  104  7:28  Barracks, Marine  
  107  7:30  Armory, Marine x3  
  110  7:39  Widow Mine  
  110  7:42  Marine x2  
  114  7:46  Marine  
  114  7:47  Marine x2  
  115  8:05  Marine x2  
  115  8:06  Marine x3  
  115  8:09  Marine x3  
  115  8:10  SCV x2  
  115  8:11  Orbital Command  
  125  8:14  Refinery, Marine x2  
  125  8:15  Supply Depot  
  125  8:16  Supply Depot  
  127  8:22  Widow Mine x2  
  127  8:23  Medivac x2, Marine x4  
  127  8:24  Marine  
  140  8:31  Marine  
  141  8:36  Marine x4  
  141  8:39  Orbital Command  
  145  8:41  Marine  
  145  8:45  Marine  
  145  8:46  Marine x3  
  149  8:52  SCV x2  
  151  8:59  Marine x6  
  157  9:05  Bunker  
  157  9:07  Supply Depot  
  157  9:17  SCV  
  157  9:18  SCV  
  157  9:26  Marine  
  157  9:33  SCV  
  157  9:38  Marine  
  157  9:39  SCV, Marine x4  
  157  9:40  Marine x2  
  157  9:41  Marine x2  
  157  9:43  Marine  
  139  9:52  SCV  
  130  9:56  Marine  
  130  9:57  Marine x4  
  130  9:58  Marine x2  
  130  9:59  Marine x2  
  139  10:01  Marine  
  139  10:04  Terran Infantry Armor Level 2, Terran Infantry Weapons Level 2  
  125  10:14  Marine x3  
  125  10:15  Marine x2  
  125  10:16  Marine x2  
  125  10:17  Marine x2  
  128  10:23  Marine  
  129  10:32  Marine x3  
  129  10:33  Marine x2  
  134  10:40  SCV x3  
  125  10:45  Bunker  
  125  10:48  Supply Depot  
  125  10:50  Marine x7  
  125  10:52  SCV x2  
  125  10:55  SCV  
  130  11:02  Marine x3  
  128  11:07  SCV  
  128  11:09  Missile Turret  
  128  11:10  SCV  
  128  11:13  Widow Mine x2  
  128  11:14  Medivac x2  
  128  11:15  Missile Turret x2  
  136  11:20  Refinery  
  136  11:21  Refinery  
  136  11:23  Sensor Tower  
  136  11:24  Marine x5  
  136  11:25  Marine x2  
  143  11:27  SCV  
  144  11:35  Missile Turret  
  144  11:37  Supply Depot  
  144  11:38  Supply Depot  
  144  11:41  Widow Mine  
  144  11:42  Widow Mine  
  148  11:47  Marine x6  
  148  11:48  Marine  
  148  11:49  Medivac  
  148  11:50  Medivac  
  159  12:00  Barracks  
  159  12:01  Supply Depot  
  159  12:02  Supply Depot  
  159  12:04  Supply Depot  
  159  12:06  Supply Depot  
  159  12:08  Marine x9  
  161  12:10  Widow Mine  
  161  12:13  Marine  
  171  12:17  Missile Turret  
  171  12:20  Missile Turret  
  171  12:26  Marine x4  
  175  12:43  Marine x3  
  135  13:01  Marine x6  
  135  13:02  Marine x4  
  132  13:18  Widow Mine x2  
  132  13:19  Marine x7  
  129  13:27  Marine x3  
  132  13:38  Marine x4  
  132  13:40  Marine  
  136  13:42  Refinery  
  136  13:44  Refinery  
  136  13:47  Orbital Command  
  136  13:53  Marine x3  
  139  13:58  Sensor Tower  
  139  14:07  Marine x6  
  139  14:08  Marine  
  146  14:14  Marine x3  
  149  14:25  Marine  
  146  14:32  Marine x3  
  146  14:33  Widow Mine x2  
  146  14:35  Marine x3  
  146  14:36  Marine x2  
  146  14:37  Marine  
  143  14:43  Marine  
  144  14:50  Marine x3  
  147  14:53  Command Center  
  147  14:55  Starport  
  147  14:56  Starport  
  147  14:58  Starport  
  147  15:19  Marine x4  
  147  15:20  Marine x2  
  153  15:26  Marine x4  
  149  15:40  Missile Turret  
  149  15:41  Missile Turret  
  148  15:43  Missile Turret  
  148  15:45  Marauder  
  148  15:46  Marine x3  
  153  15:51  Liberator  
  153  15:52  Liberator x4  
  153  15:54  SCV  
  154  16:04  Marine x4  
  154  16:06  Marauder  
  154  16:07  Marine x4  
  177  16:18  Widow Mine x2, Marine  
  173  16:22  Marine x3  
  178  16:28  Marauder  
  180  16:34  Liberator x3  
  180  16:35  Liberator x2  
  180  17:07  Barracks Tech Lab x3, Marauder  
  182  17:17  Liberator x2  
  182  17:28  Marauder, Marine x3  
  187  17:34  Medivac  
  187  17:35  Medivac x2  
  153  17:50  Marine x4  
  144  17:56  Widow Mine x2  
  144  17:57  Marauder  
  144  17:58  Marauder x2  
  154  18:01  Orbital Command  
  154  18:04  Marauder, Marine x2  
  158  18:07  Marine  
  158  18:08  Marine  
  155  18:16  Liberator x2  
  155  18:19  Marauder  
  155  18:31  Marauder x2, Marine x7  
  155  18:32  Widow Mine x2  
  173  18:40  Marine  
  150  18:49  Marine x2  
  150  18:54  Marine x2  
  150  18:55  Marine x3  
  124  18:57  Marine x3  
  124  18:58  SCV  
  93  19:06  Marine  
Tags
 
Add a new tag
Caveats
  • Supply blocks, unpowered buildings, or Contaminate may cause inaccurate times.
  • Supply counts are checked every 10 seconds.